Workbook
Name _________key2: #REF!
Name _________key2: #REF!
Name _________PJ50: #REF!
Name _________PJ50: #REF!
Name ________key2: #REF!
Name ________key2: #REF!
Name ________key3: #REF!
Name ________key3: #REF!
Name ________MA2: #REF!
Name ________MA2: #REF!
Name ________PJ50: #REF!
Name ________PJ50: #REF!
Name _______MA2: #REF!
Name _______MA2: #REF!
Name _______PJ50: #REF!
Name _______PJ50: #REF!
Name ______MA2: #REF!
Name ______MA2: #REF!
Name ______PJ50: #REF!
Name ______PJ50: #REF!
Name ______pr01: #REF!
Name ______pr01: #REF!
Name ______pr02: #REF!
Name ______pr02: #REF!
Name ______pr03: #REF!
Name ______pr03: #REF!
Name ______pr04: #REF!
Name ______pr04: #REF!
Name ______pr05: #REF!
Name ______pr05: #REF!
Name ______pr06: #REF!
Name ______pr06: #REF!
Name ______pr07: #REF!
Name ______pr07: #REF!
Name ______pr08: #REF!
Name ______pr08: #REF!
Name ______pr09: #REF!
Name ______pr09: #REF!
Name ______pr10: #REF!
Name ______pr10: #REF!
Name ______pr11: #REF!
Name ______pr11: #REF!
Name ______pr12: #REF!
Name ______pr12: #REF!
Name ______pr13: #REF!
Name ______pr13: #REF!
Name ______pr14: #REF!
Name ______pr14: #REF!
Name ______pr15: #REF!
Name ______pr15: #REF!
Name ______pr16: #REF!
Name ______pr16: #REF!
Name ______pr17: #REF!
Name ______pr17: #REF!
Name ______pr18: #REF!
Name ______pr18: #REF!
Name ______pr19: #REF!
Name ______pr19: #REF!
Name ______pr20: #REF!
Name ______pr20: #REF!

Sheet Formulario1-Ofrecimiento
C3: FORMULARIO 1 - OFRECIMIENTO ECONÓMICO | J3: CODIGO: | K3: FT-TEC-01
J4: VESION: | K4: 1
J5: FECHA DE APROBACION:
C7: OBJETO: | G7: PRESUPUESTO MANTENIMIENTO PUEST0 DE SALUD TIERRA BAJA
C9: Nº | D9: ÍTEM DE PAGO | E9: ESPECIFICACIONES | G9: DESCRIPCIÓN | H9: UND. | I9: CANTIDAD | J9: VALOR UNITARIO | K9: VALOR TOTAL
E10: GENERAL | F10: PARTICULAR
C11: 1 | G11: OBRAS CIVILES DESMONTE
C12: 1.1 | G12: Picada Rampa de acceso | H12: M2 | I12: =1.65*1.8 -> 2.97
C13: 1.2 | G13: Desmonte Carpa Posterior (incluye estructura existente) | H13: M2 | I13: =(8.2*1.15) -> 9.43
C14: 1.3 | G14: Desmonte Carpa lateral (incluye estructura existente) | H14: M2 | I14: =(3.8*1.05) -> 3.99
C15: 1.4 | G15: Desmonte Cielo Raso (incluye estructura existente) | H15: M2 | I15: 26
G17: Sub Total
C18: 2 | G18: RESANES Y PINTURA MUROS INTERIOR
C19: 2.1 | G19: Resanes Muros Estuco Plastico para Interiores y una Mano de Pintura | H19: M2 | I19: =I20*20% -> 130
C20: 2.2 | G20: Pintura Muros Dos Manos Tipo 1 | H20: M2 | I20: 650
G22: Sub Total
C23: 3 | G23: CIELO RASO EN DRY WALL
C24: 3.1 | G24: Suministro e instalacion de Cielo Raso en Dry Wall incluye perfielria metalica calibre 27 | H24: M2 | I24: 48
C25: 3.2 | G25: Resane Cielo Raso Masilla Tipo Mastic | H25: M2 | I25: =I26*20% -> 24
C26: 3.3 | G26: Pintura cielo raso TIPO 1 Dos Manos | H26: M2 | I26: 120
G28: Sub Total
C29: 4 | G29: PINTURA PILIAMIDA PARA CARETA HIERRO
C30: 4.1 | G30: Raspado y Grateado de Caretas de Hierro | H30: M2 | I30: 22.89
C31: 4.2 | G31: Pintura en Poliamida Color Blanco Caretas de Hierro | H31: M2 | I31: 22.9
C32: 4.3 | G32: Pintura en Poliamida Color Blanco Para estructura cubierta metalica | H32: M2 | I32: 13.4
C33: 4.4 | G33: Pintura en Poliamida Color Azul para estructura Tanque Elevado | H33: M2 | I33: 4.5
G35: Sub Total
C36: 5 | G36: RESANES Y PINTURA MUROS EXTERIOR
C37: 5.2 | G37: Resane de Fachada (con Construmastic de pintuco) Junta Exterior | H37: M2 | I37: 36
C38: 5.3 | G38: Suministro y aplicación de Esgrafiado (Graniplass) | H38: M2 | I38: 10
C39: 5.4 | G39: Suministro y aplicación de Coraza doble Vida 10 años (Incluye lavada con hipoclorito 10%) | H39: M2 | I39: 181
G41: Sub Total
C42: 6 | G42: PISOS Y RAMPA
C43: 6.1 | G43: Rampa de Acceso en concreto reforzado en Granito Pulido | H43: M2 | I43: 3
G45: Sub Total
C46: 7 | G46: CERRAMIENTO EN BLOQUE #4 Y MALLA ESLABONADA
C47: 7.1 | G47: Descapote del terreno. Incluye limpieza y retiro | H47: M2 | I47: 35
C48: 7.2 | G48: Trazado y remplanteo | H48: M2 | I48: 35
C49: 7.3 | G49: Excavacion manual | H49: M3 | I49: =15+14 -> 29
C50: 7.4 | G50: solado en concreto pobre | H50: M2 | I50: 35
C51: 7.5 | G51: Viga Inferior concreto reforzado en 3500 psi 30x30 | H51: ML | I51: 35
C52: 7.6 | G52: Levante Bloque N.4 Mortero 1,4 | H52: M2 | I52: 25
C53: 7.7 | G53: Pañete Mortero 1,4 | H53: M2 | I53: =I52*2 -> 50
C54: 7.8 | G54: Viga Pisa Malla 0,15x0.20 a la vista Concreto 3500 psi | H54: ML | I54: 35
C55: 7.9 | G55: Suministro e Instalacion de Malla Eslabonada posterior con tuberia 1 3/4 cruzado para refuerzo | H55: M2 | I55: 49
C56: 7.1 | G56: Pedestal en concreto reforzado 3500 psi (Dados) 0.30x0.30x0.80 | H56: UND. | I56: 14
C57: 7.11 | G57: Suministro e instalacion de Malla eslabonada de cerramiento existente con Tuberia 1 3/4 Cruzado para Refuerzo | H57: M2 | I57: 104
C58: 7.12 | G58: Zapatas en concreto reforzado 80x80x30 Concreto 3500 psi | H58: M3 | I58: 3.136
C59: 7.13 | G59: Acero Zapatas | H59: KG | I59: 75
C60: 7.14 | G60: Columnas en Concreto reforzada 25x25 a la vista Concreto 3500 psi | H60: UND. | I60: 14
C61: 7.15 | G61: Suministro e instalacion de Porton Peatonal 1.30X2.20 incluye soportes y Herrajes | H61: UND. | I61: 1
G63: Sub Total
C64: 8 | G64: ASEO Y LIMPIEZA
C65: 8.1 | G65: Aseo y limpieza de obra | H65: Glb | I65: 1
G67: Sub Total
C70: SUBTOTAL OBRAS COSTO DIRECTO
C72: ADMINISTRACION
C73: IMPREVISTO | G73: SUBTOTAL OBRAS (INCLUYE IVA)
C74: UTILIDAD | G74: SUBTOTAL OBRAS (INCLUYE IVA)
C75: IVA/UTILIDAD | G75: IVA/UTILILIDAD | J75: 0.19
C78: VALOR TOTAL
C81: NOTA 1: Se debe tener en cuenta que el PRECIO UNITARIO incluye el valor de A.I.U. NOTA 2: Cuando la fracción decimal del peso sea igual o superior a 5 se aproximará por exceso al número entero siguiente del peso y cuando la fracción decimal del peso sea inferior a 5 se aproximará por defecto al número entero del peso. NOTA 3: El A.I.U y su discriminación deben estar en porcentaje (%). | H81: DESCRIPCION | K81: PORCENTAJE
H82: ADMINISTRACIÓN | J82: A=
H83: IMPREVISTO | J83: I=
H84: UTILIDAD | J84: U=
H85: TOTAL A.I.U | J85: A.I.U.= | K85: 0.3

Sheet PRESUPUESTO
C3: PRESUPUESTO DE OBRA CIVIL | J3: CODIGO: | K3: FT-TEC-01
J4: VESION: | K4: 1
J5: FECHA DE APROBACION:
C7: OBJETO: | G7: PRESUPUESTO MANTENIMIENTO PUEST0 DE SALUD TIERRA BAJA
C9: Nº | D9: ÍTEM DE PAGO | E9: ESPECIFICACIONES | G9: DESCRIPCIÓN | H9: UND. | I9: CANTIDAD | J9: VALOR UNITARIO | K9: VALOR TOTAL
E10: GENERAL | F10: PARTICULAR
C11: 1 | G11: OBRAS CIVILES DESMONTE
C12: 1.1 | G12: Picada Rampa de acceso | H12: M2 | I12: =1.65*1.8 -> 2.97 | J12: ='APU DESMONTES'!H42 -> 10568.353 | K12: =J12*I12 -> 31388.008
C13: 1.2 | G13: Desmonte Carpa Posterior (incluye estructura existente) | H13: M2 | I13: =(8.2*1.15) -> 9.43 | J13: ='APU DESMONTES'!H122 -> 22958.236 | K13: =J13*I13 -> 216496.17
C14: 1.3 | G14: Desmonte Carpa lateral (incluye estructura existente) | H14: M2 | I14: =(3.8*1.05) -> 3.99 | J14: ='APU DESMONTES'!H122 -> 22958.236 | K14: =J14*I14 -> 91603.362
C15: 1.4 | G15: Desmonte Cielo Raso (incluye estructura existente) | H15: M2 | I15: 26 | J15: ='APU DESMONTES'!H279 -> 16922.575 | K15: =J15*I15 -> 439986.94
G17: Sub Total | K17: =SUM(K12:K15) -> 779474.48
C18: 2 | G18: RESANES Y PINTURA MUROS INTERIOR
C19: 2.1 | G19: Resanes Muros Estuco Plastico para Interiores y una Mano de Pintura | H19: M2 | I19: =I20*20% -> 130 | J19: ='A.P.U PINTURA Y CIELO RASO'!I239 -> 8773.4188 | K19: =J19*I19 -> 1140544.4
C20: 2.2 | G20: Pintura Muros Dos Manos Tipo 1 | H20: M2 | I20: 650 | J20: ='A.P.U PINTURA Y CIELO RASO'!I434 -> 10503.321 | K20: =J20*I20 -> 6827158.7
G22: Sub Total | K22: =SUM(K19:K20) -> 7967703.1
C23: 3 | G23: CIELO RASO EN DRY WALL
C24: 3.1 | G24: Suministro e instalacion de Cielo Raso en Dry Wall incluye perfielria metalica calibre 27 | H24: M2 | I24: 48 | J24: ='A.P.U PINTURA Y CIELO RASO'!I40 -> 41281.791 | K24: =J24*I24 -> 1981526
C25: 3.2 | G25: Resane Cielo Raso Masilla Tipo Mastic | H25: M2 | I25: =I26*20% -> 24 | J25: ='A.P.U PINTURA Y CIELO RASO'!I239 -> 8773.4188 | K25: =J25*I25 -> 210562.05
C26: 3.3 | G26: Pintura cielo raso TIPO 1 Dos Manos | H26: M2 | I26: 120 | J26: ='A.P.U PINTURA Y CIELO RASO'!I434 -> 10503.321 | K26: =J26*I26 -> 1260398.5
G28: Sub Total | K28: =SUM(K24:K26) -> 3452486.6
C29: 4 | G29: PINTURA PILIAMIDA PARA CARETA HIERRO
C30: 4.1 | G30: Raspado y Grateado de Caretas de Hierro | H30: M2 | I30: 22.89 | J30: ='A.P.U PINTURA Y CIELO RASO'!I768 -> 13322.095 | K30: =J30*I30 -> 304942.75
C31: 4.2 | G31: Pintura en Poliamida Color Blanco Caretas de Hierro | H31: M2 | I31: 22.9 | J31: ='A.P.U PINTURA Y CIELO RASO'!I848 -> 20744.605 | K31: =J31*I31 -> 475051.45
C32: 4.3 | G32: Pintura en Poliamida Color Blanco Para estructura cubierta metalica | H32: M2 | I32: 13.4 | J32: =+'A.P.U PINTURA Y CIELO RASO'!I927 -> 20744.605 | K32: =J32*I32 -> 277977.71
C33: 4.4 | G33: Pintura en Poliamida Color Azul para estructura Tanque Elevado | H33: M2 | I33: 4.5 | J33: =+'A.P.U PINTURA Y CIELO RASO'!I1005 -> 20744.605 | K33: =J33*I33 -> 93350.723
G35: Sub Total | K35: =SUM(K30:K33) -> 1151322.6
C36: 5 | G36: RESANES Y PINTURA MUROS EXTERIOR
C37: 5.2 | G37: Resane de Fachada (con Construmastic de pintuco) Junta Exterior | H37: M2 | I37: 36 | J37: ='A.P.U PINTURA Y CIELO RASO'!I1074 -> 12696.649 | K37: =J37*I37 -> 457079.37
C38: 5.3 | G38: Suministro y aplicación de Esgrafiado (Graniplass) | H38: M2 | I38: 10 | J38: ='A.P.U PINTURA Y CIELO RASO'!I381 -> 14165.22 | K38: =J38*I38 -> 141652.2
C39: 5.4 | G39: Suministro y aplicación de Coraza doble Vida 10 años (Incluye lavada con hipoclorito 10%) | H39: M2 | I39: 181 | J39: ='A.P.U PINTURA Y CIELO RASO'!I172 -> 16251.992 | K39: =J39*I39 -> 2941610.6
G41: Sub Total | K41: =SUM(K37:K39) -> 3540342.2
C42: 6 | G42: PISOS Y RAMPA
C43: 6.1 | G43: Rampa de Acceso en concreto reforzado en Granito Pulido | H43: M2 | I43: 3 | J43: ='A.P.U PISOS'!I174 -> 230639.98 | K43: =J43*I43 -> 691919.93
G45: Sub Total | K45: =K43 -> 691919.93
C46: 7 | G46: CERRAMIENTO EN BLOQUE #4 Y MALLA ESLABONADA
C47: 7.1 | G47: Descapote del terreno. Incluye limpieza y retiro | H47: M2 | I47: 35 | J47: ='APU OBRAS CIVILES'!H1031 -> 8597.714 | K47: =J47*I47 -> 300919.99
C48: 7.2 | G48: Trazado y remplanteo | H48: M2 | I48: 35 | J48: =+'APU OBRAS CIVILES'!H42 -> 6419.1057 | K48: =J48*I48 -> 224668.7
C49: 7.3 | G49: Excavacion manual | H49: M3 | I49: =15+14 -> 29 | J49: ='APU OBRAS CIVILES'!H204 -> 29606.513 | K49: =J49*I49 -> 858588.86
C50: 7.4 | G50: solado en concreto pobre | H50: M2 | I50: 35 | J50: =+'APU OBRAS CIVILES'!H285 -> 29827.663 | K50: =J50*I50 -> 1043968.2
C51: 7.5 | G51: Viga Inferior concreto reforzado en 3500 psi 30x30 | H51: ML | I51: 35 | J51: ='APU OBRAS CIVILES'!H367 -> 76888.258 | K51: =J51*I51 -> 2691089
C52: 7.6 | G52: Levante Bloque N.4 Mortero 1,4 | H52: M2 | I52: 25 | J52: =+'APU OBRAS CIVILES'!H448 -> 38487.517 | K52: =J52*I52 -> 962187.92
C53: 7.7 | G53: Pañete Mortero 1,4 | H53: M2 | I53: =I52*2 -> 50 | J53: ='APU OBRAS CIVILES'!H951 -> 21335.665 | K53: =J53*I53 -> 1066783.2
C54: 7.8 | G54: Viga Pisa Malla 0,15x0.20 a la vista Concreto 3500 psi | H54: ML | I54: 35 | J54: ='APU OBRAS CIVILES'!H530 -> 76888.258 | K54: =J54*I54 -> 2691089
C55: 7.9 | G55: Suministro e Instalacion de Malla Eslabonada posterior con tuberia 1 3/4 cruzado para refuerzo | H55: M2 | I55: 49 | J55: ='APU OBRAS CIVILES'!H613 -> 147036 | K55: =J55*I55 -> 7204764.2
C56: 7.1 | G56: Pedestal en concreto reforzado 3500 psi (Dados) 0.30x0.30x0.80 | H56: UND. | I56: 14 | J56: ='APU OBRAS CIVILES'!H789 -> 103460.42 | K56: =J56*I56 -> 1448445.9
C57: 7.11 | G57: Suministro e instalacion de Malla eslabonada de cerramiento existente con Tuberia 1 3/4 Cruzado para Refuerzo | H57: M2 | I57: 104 | J57: =+'APU OBRAS CIVILES'!H708 -> 131301.88 | K57: =J57*I57 -> 13655396
C58: 7.12 | G58: Zapatas en concreto reforzado 80x80x30 Concreto 3500 psi | H58: M3 | I58: 3.136 | J58: ='APU OBRAS CIVILES'!H1112 -> 467291.55 | K58: =J58*I58 -> 1465426.3
C59: 7.13 | G59: Acero Zapatas | H59: KG | I59: 75 | J59: ='APU OBRAS CIVILES'!H1192 -> 5194.0056 | K59: =J59*I59 -> 389550.42
C60: 7.14 | G60: Columnas en Concreto reforzada 25x25 a la vista Concreto 3500 psi | H60: UND. | I60: 14 | J60: ='APU OBRAS CIVILES'!H871 -> 141431.45 | K60: =J60*I60 -> 1980040.3
C61: 7.15 | G61: Suministro e instalacion de Porton Peatonal 1.30X2.20 incluye soportes y Herrajes | H61: UND. | I61: 1 | J61: ='APU OBRAS CIVILES'!O1280 -> 1702235 | K61: =J61*I61 -> 1702235
G63: Sub Total | K63: =SUM(K48:K62) -> 37384233
C64: 8 | G64: ASEO Y LIMPIEZA
C65: 8.1 | G65: Aseo y limpieza de obra | H65: Glb | I65: 1 | J65: 500000 | K65: =J65*I65 -> 500000
G67: Sub Total | K67: =SUM(K65:K66) -> 500000
C70: SUBTOTAL OBRAS COSTO DIRECTO | K70: =ROUND(K63+K45+K41+K35+K28+K22+K17+K67,0) -> 55467482
C72: ADMINISTRACION | J72: 0.22 | K72: =ROUND(K70*22%,0) -> 12202846
C73: IMPREVISTO | G73: SUBTOTAL OBRAS (INCLUYE IVA) | J73: 0.03 | K73: =ROUND(K70*3%,0) -> 1664024
C74: UTILIDAD | G74: SUBTOTAL OBRAS (INCLUYE IVA) | J74: 0.05 | K74: =K70*5% -> 2773374.1
C75: IVA/UTILIDAD | G75: IVA/UTILILIDAD | J75: 0.19 | K75: =K74*19% -> 526941.08
C78: VALOR TOTAL | K78: =+ROUND(SUM(K68:K77),0) -> 72634667
C81: NOTA 1: Se debe tener en cuenta que el PRECIO UNITARIO incluye el valor de A.I.U. NOTA 2: Cuando la fracción decimal del peso sea igual o superior a 5 se aproximará por exceso al número entero siguiente del peso y cuando la fracción decimal del peso sea inferior a 5 se aproximará por defecto al número entero del peso. NOTA 3: El A.I.U y su discriminación deben estar en porcentaje (%). | H81: DESCRIPCION | K81: PORCENTAJE
H82: ADMINISTRACIÓN | J82: A= | K82: 0.22
H83: IMPREVISTO | J83: I= | K83: 0.03
H84: UTILIDAD | J84: U= | K84: 0.05
H85: TOTAL A.I.U | J85: A.I.U.= | K85: 0.3
G91: Revisó Drina Blanco

Sheet APU DESMONTES
D2: ANALISIS DE PRECIOS UNITARIOS | G2: CODIGO | H2: FT-TEC-02
G3: VERSION
G4: FECHA DE APROBACION | H4: 44236
B7: OBJETO: | C7: =+PRESUPUESTO!G12 -> Picada Rampa de acceso | H7: 'UNIDAD: M2
B9: I. EQUIPO
B10: Descripción | D10: Unidad | E10: Cantidad | F10: Costo | G10: Vr. Unitario
B11: Herramientas menores | D11: gl | E11: 0.05 | F11: 50000 | G11: =F11*E11 -> 2500
G15: SUB-TOTAL | H15: =G11+G12+G13+G14 -> 2500
B17: II. MATERIALES EN OBRA
B18: Descripción | D18: Unidad | E18: Cantidad | F18: Vr. Unitario | G18: Vr. Parcial
G19: =F19*E19 -> 0
G20: =F20*E20 -> 0
G21: =F21*E21 -> 0
G22: =F22*E22 -> 0
G23: =F23*E23 -> 0
G24: =F24*E24 -> 0
G25: =F25*E25 -> 0
G26: SUB-TOTAL | H26: =G19+G20+G21+G22+G23+G24+G25 -> 0
B29: III. TRANSPORTE
B30: Descripción | D30: VOL. o PESO | E30: DISTANCIA | F30: M3 o Ton/Km | G30: TARIFA | H30: Vr. Unitario
B31: Retiro de material | D31: 0.02 | E31: 3.4 | F31: =+E31*D31 -> 0.068 | G31: 25000 | H31: =+G31*F31 -> 1700
G32: =F32*E32 -> 0
G33: =F33*E33 -> 0
G34: SUB-TOTAL | H34: =+SUM(H31:H33) -> 1700
B36: IV. MANO DE OBRA
B37: Trabajador | C37: Jornal | D37: Prest.Soc. | E37: Jornal Total | F37: Rendimiento | G37: Vr.Unitario
B38: Ayudante (2) | C38: =33333*2 -> 66666 | D38: 0.85 | E38: =C38+(C38*D38) -> 123332.1 | F38: 19.366405 | G38: =+E38/F38 -> 6368.3529
G40: SUB-TOTAL | H40: =G38 -> 6368.3529
F42: TOTAL COSTO DIRECTO | H42: =H40+H26+H15+H34 -> 10568.353 | K42: OK
B44: V. COSTO INDIRECTO
B45: DESCRIPCION | F45: %
B46: ADMINISTRACION | F46: 0.22 | H46: =H42*F46 -> 2325.0376
B47: IMPREVISTO | F47: 0.03 | H47: =H42*F47 -> 317.05059
B48: UTILIDAD | F48: 0.05 | H48: =H42*F48 -> 528.41765
G49: SUB-TOTAL | H49: =H46+H48 -> 2853.4553
C51: OBSERVACIONES INTERVENTORÍA | F51: COSTO TOTAL | H51: =H42+H49 -> 13421.808
F53: Firma
F54: Nombre:
F55: Representante Legal del Contratista o su Apoderado
F56: Matricula No. :
C58: APROBACIÓN POR INTERVENTORÍA
C59: NOTA:
C60: 1
C61: 2
C62: 3
F63: Firma
F64: Nombre:
F65: Representante Legal del Interventor o su Apoderado
F66: Matricula No. :
D81: ANALISIS DE PRECIOS UNITARIOS | G81: CODIGO | H81: FT-TEC-02
G82: VERSION
G83: FECHA DE APROBACION | H83: 44236
B86: OBJETO: | C86: =+PRESUPUESTO!G13 -> Desmonte Carpa Posterior (incluye estructura existente) | H86: UNIDAD: M2
B88: I. EQUIPO
B89: Descripción | D89: Unidad | E89: Cantidad | F89: Costo | G89: Vr. Unitario
B90: Herramientas menores | D90: gl | E90: 0.05 | F90: 25000 | G90: =F90*E90 -> 1250
B91: Alquiler cuerpo de andamios | D91: hr | E91: 0.35 | F91: 950 | G91: =E91*F91 -> 332.5
G94: SUB-TOTAL | H94: =G90+G91+G92+G93 -> 1582.5
B96: II. MATERIALES EN OBRA
B97: Descripción | D97: Unidad | E97: Cantidad | F97: Vr. Unitario | G97: Vr. Parcial
G98: =F98*E98 -> 0
G99: =F99*E99 -> 0
G100: =F100*E100 -> 0
G101: =F101*E101 -> 0
G102: =F102*E102 -> 0
G103: =F103*E103 -> 0
G104: =F104*E104 -> 0
G105: SUB-TOTAL | H105: =G98+G99+G100+G101+G102+G103+G104 -> 0
B108: III. TRANSPORTE
B109: Descripción | D109: VOL. o PESO | E109: DISTANCIA | F109: M3 o Ton/Km | G109: TARIFA | H109: Vr. Unitario
B110: Retiro de material | D110: 0.02 | E110: 3.4 | F110: =+E110*D110 -> 0.068 | G110: 55248.01 | H110: =+G110*F110 -> 3756.8647
G111: =F111*E111 -> 0
G112: =F112*E112 -> 0
G113: SUB-TOTAL | H113: =+SUM(H110:H112) -> 3756.8647
B115: IV. MANO DE OBRA
B116: Trabajador | C116: Jornal | D116: Prest.Soc. | E116: Jornal Total | F116: Rendimiento | G116: Vr.Unitario
B117: Ayudante (2) | C117: =33333*2 -> 66666 | D117: 0.85 | E117: =C117+(C117*D117) -> 123332.1 | F117: 7 | G117: =+E117/F117 -> 17618.871
G120: SUB-TOTAL | H120: =G117+G118 -> 17618.871
F122: TOTAL COSTO DIRECTO | H122: =H120+H105+H94+H113 -> 22958.236 | K122: OK
B124: V. COSTO INDIRECTO
B125: DESCRIPCION | F125: %
B126: ADMINISTRACION | F126: 0.22 | H126: =H122*F126 -> 5050.8119
B127: IMPREVISTO | F127: 0.03 | H127: =H122*F127 -> 688.74708
B128: UTILIDAD | F128: 0.05 | H128: =H122*F128 -> 1147.9118
G129: SUB-TOTAL | H129: =H126+H128 -> 6198.7237
C131: OBSERVACIONES INTERVENTORÍA | F131: COSTO TOTAL | H131: =H122+H129 -> 29156.96
F133: Firma
F134: Nombre:
F135: Representante Legal del Contratista o su Apoderado
F136: Matricula No. :
C138: APROBACIÓN POR INTERVENTORÍA
C139: NOTA:
C140: 1
C141: 2
C142: 3
F143: Firma
F144: Nombre:
F145: Representante Legal del Interventor o su Apoderado
F146: Matricula No. :
D159: ANALISIS DE PRECIOS UNITARIOS | G159: CODIGO | H159: FT-TEC-02
...

Sheet APU OBRAS CIVILES
D2: ANALISIS DE PRECIOS UNITARIOS | G2: CODIGO | H2: FT-TEC-02
G3: VERSION
G4: FECHA DE APROBACION | H4: 44236
B7: OBJETO: | C7: TRAZADO Y REPLANTEO | H7: 'UNIDAD: M2
B9: I. EQUIPO
B10: Descripción | D10: Unidad | E10: Cantidad | F10: Costo | G10: Vr. Unitario
B11: Estación electronica | C11: Estación electronica | D11: Und | E11: 0.2679 | F11: 5800 | G11: =F11*E11 -> 1553.82
B12: Nivel de precision | C12: Nivel de precision | D12: Und | E12: 0.5 | F12: 1450 | G12: =F12*E12 -> 725
G14: SUB-TOTAL | H14: =G11+G12 -> 2278.82
B16: II. MATERIALES EN OBRA
B17: Descripción | D17: Unidad | E17: Cantidad | F17: Vr. Unitario | G17: Vr. Parcial
B18: Alambre Negro #18 | D18: Kg | E18: 0.01 | F18: 5000 | G18: =E18*F18 -> 50
B19: Durmiente Ordinario 4mx0.04x0.04 | C19: Durmiente Ordinario 4mx0.04x0.04 | D19: Ml | E19: 1 | F19: 100 | G19: =E19*F19 -> 100
B20: Puntilla Con Cabeza 2" | C20: Puntilla Con Cabeza 2" | D20: Lbr | E20: 0.02 | F20: 1300 | G20: =E20*F20 -> 26
G25: SUB-TOTAL | H25: =G18+G19+G20+G21+G22+G23+G24 -> 176
B28: III. TRANSPORTE
B29: Descripción | D29: VOL. o PESO | E29: DISTANCIA | F29: M3 o Ton/Km | G29: TARIFA | H29: Vr. Unitario
H30: =+G30*F30 -> 0
G33: SUB-TOTAL | H33: =+SUM(H30:H32) -> 0
B35: IV. MANO DE OBRA
B36: Trabajador | C36: Jornal | D36: Prest.Soc. | E36: Jornal Total | F36: Rendimiento | G36: Vr.Unitario
B37: Comision Topografica | C37: 150000 | D37: 0.85 | E37: =C37+(C37*D37) -> 277500 | F37: 70 | G37: =+E37/F37 -> 3964.2857
G40: SUB-TOTAL | H40: =G37+G38 -> 3964.2857
F42: TOTAL COSTO DIRECTO | H42: =H40+H25+H14+H33 -> 6419.1057 | L42: ok
B44: V. COSTO INDIRECTO
B45: DESCRIPCION | F45: %
B46: ADMINISTRACION | F46: 0.22 | H46: =H42*F46 -> 1412.2033
B47: IMPREVISTO | F47: 0.03 | H47: =H42*F47 -> 192.57317
B48: UTILIDAD | F48: 0.05 | H48: =H42*F48 -> 320.95529
G49: SUB-TOTAL | H49: =H46+H48 -> 1733.1585
C51: OBSERVACIONES INTERVENTORÍA | F51: COSTO TOTAL | H51: =H42+H49 -> 8152.2643
F53: Firma
F54: Nombre:
F55: Representante Legal del Contratista o su Apoderado
F56: Matricula No. :
C58: APROBACIÓN POR INTERVENTORÍA
C59: NOTA:
C60: 1
C61: 2
C62: 3
F63: Firma
F64: Nombre:
F65: Representante Legal del Interventor o su Apoderado
F66: Matricula No. :
D82: ANALISIS DE PRECIOS UNITARIOS | G82: CODIGO | H82: FT-TEC-02
G83: VERSION
G84: FECHA DE APROBACION | H84: 44236
B87: OBJETO: | C87: CERRAMIENTO EN TELA VERDE | H87: 'UNIDAD: M2
B89: I. EQUIPO
B90: Descripción | D90: Unidad | E90: Cantidad | F90: Costo | G90: Vr. Unitario
B91: Herramientas menores | D91: Glb | E91: 0.02 | F91: 25000 | G91: =F91*E91 -> 500
G92: =F92*E92 -> 0
G93: =F93*E93 -> 0
G95: SUB-TOTAL | H95: =G91+G92+G93+G94 -> 500
B97: II. MATERIALES EN OBRA
B98: Descripción | D98: Unidad | E98: Cantidad | F98: Vr. Unitario | G98: Vr. Parcial
B99: Rollo de tela verde 50 m x 2.10 m ancho 55gr/m2 | C99: =IFERROR(+VLOOKUP(B99,'[1]BASE DE DATOS'!$A$1:$D$365,2,FALSE)," ") | D99: ml | E99: 0.02 | F99: 174300 | G99: =E99*F99 -> 3486
B100: Listón de cativo de 2" x 4 " x 10' | C100: =IFERROR(+VLOOKUP(B100,'[1]BASE DE DATOS'!$A$1:$D$365,2,FALSE)," ") | D100: Und | E100: 0.33 | F100: 20700 | G100: =E100*F100 -> 6831
B101: Puntillas | C101: =IFERROR(+VLOOKUP(B101,'[1]BASE DE DATOS'!$A$1:$D$365,2,FALSE)," ") | D101: kg | E101: 0.25 | F101: 3104 | G101: =E101*F101 -> 776
G106: SUB-TOTAL | H106: =G99+G100+G101+G102+G103+G104+G105 -> 11093
B109: III. TRANSPORTE
B110: Descripción | D110: VOL. o PESO | E110: DISTANCIA | F110: M3 o Ton/Km | G110: TARIFA | H110: Vr. Unitario
H111: =+G111*F111 -> 0
G114: SUB-TOTAL | H114: =+SUM(H111:H113) -> 0
B116: IV. MANO DE OBRA
B117: Trabajador | C117: Jornal | D117: Prest.Soc. | E117: Jornal Total | F117: Rendimiento | G117: Vr.Unitario
B118: Oficial | C118: 50000 | D118: 0.85 | E118: =C118+(C118*D118) -> 92500 | F118: 50 | G118: =+E118/F118 -> 1850
B119: Ayudante | C119: 33333 | D119: 0.85 | E119: =C119+(C119*D119) -> 61666.05 | F119: 50 | G119: =+E119/F119 -> 1233.321
G121: SUB-TOTAL | H121: =G118+G119 -> 3083.321
F123: TOTAL COSTO DIRECTO | H123: =H121+H106+H95+H114 -> 14676.321
B125: V. COSTO INDIRECTO
B126: DESCRIPCION | F126: %
B127: ADMINISTRACION | F127: 0.22 | H127: =H123*F127 -> 3228.7906
B128: IMPREVISTO | F128: 0.03 | H128: =H123*F128 -> 440.28963
B129: UTILIDAD | F129: 0.05 | H129: =H123*F129 -> 733.81605
G130: SUB-TOTAL | H130: =H127+H129 -> 3962.6067
C132: OBSERVACIONES INTERVENTORÍA | F132: COSTO TOTAL | H132: =H123+H130 -> 18638.928
F134: Firma
F135: Nombre:
F136: Representante Legal del Contratista o su Apoderado
F137: Matricula No. :
C139: APROBACIÓN POR INTERVENTORÍA
C140: NOTA:
C141: 1
C142: 2
C143: 3
F144: Firma
F145: Nombre:
F146: Representante Legal del Interventor o su Apoderado
F147: Matricula No. :
D163: ANALISIS DE PRECIOS UNITARIOS | G163: CODIGO | H163: FT-TEC-02
G164: VERSION
G165: FECHA DE APROBACION | H165: 44236
B168: OBJETO: | C168: EXCAVACION MANUAL | H168: UNIDAD: M3
B170: I. EQUIPO
B171: Descripción | D171: Unidad | E171: Cantidad | F171: Costo | G171: Vr. Unitario
B172: Herramientas menores | D172: Glb | E172: 0.025 | F172: 25000 | G172: =F172*E172 -> 625
G173: =F173*E173 -> 0
G174: =F174*E174 -> 0
G176: SUB-TOTAL | H176: =G172+G173+G174+G175 -> 625
...

Sheet A.P.U PINTURA Y CIELO RASO
E2: ANALISIS DE PRECIOS UNITARIOS | H2: CODIGO | I2: FT-TEC-02
H3: VERSION
H4: FECHA DE APROBACION | I4: 44236
C7: OBJETO: | D7: =+PRESUPUESTO!G24 -> Suministro e instalacion de Cielo Raso en Dry Wall incluye perfielria metalica calibre 27 | I7: 'UNIDAD: M2
C9: I. EQUIPO
C10: Descripción | E10: Unidad | F10: Cantidad | G10: Costo | H10: Vr. Unitario
C11: Herramientas menores | E11: gl | F11: 0.05 | G11: 1000 | H11: =G11*F11 -> 50
C12: Andamios | E12: dia | F12: 0.1 | G12: 5000 | H12: =G12*F12 -> 500
C13: Pistola de anclajes | E13: dia | F13: 0.015 | G13: 40000 | H13: =G13*F13 -> 600
C14: Taladro / atornillador elec | E14: dia | F14: 0.03 | G14: 25000 | H14: =G14*F14 -> 750
H15: SUB-TOTAL | I15: =H11+H12+H13+H14 -> 1900
C17: II. MATERIALES EN OBRA
C18: Descripción | E18: Unidad | F18: Cantidad | G18: Vr. Unitario | H18: Vr. Parcial
C19: Lamina yeso carton de 1/2" | E19: M2 | F19: 1.1 | G19: 7225 | H19: =G19*F19 -> 7947.5
C20: transporte y descargue lamina | E20: M2 | F20: 0.7 | G20: 500 | H20: =G20*F20 -> 350
C21: Cinta papel | E21: ML | F21: 1.8 | G21: 120 | H21: =G21*F21 -> 216
C22: Tornillo para lamina 6x1 | E22: Unidad | F22: 20 | G22: 15 | H22: =G22*F22 -> 300
C23: Tornillo estructura 7/16 | E23: Unidad | F23: 20 | G23: 15 | H23: =G23*F23 -> 300
C24: Clavos y fulminantes para anclajes | E24: Unidad | F24: 4 | G24: 400 | H24: =G24*F24 -> 1600
C25: Lijas | E25: Unidad | F25: 0.2 | G25: 950 | H25: =G25*F25 -> 190
C26: Masilla Gyplac | E26: kl | F26: 1.7 | G26: 1150 | H26: =G26*F26 -> 1955
C27: Vinilo tipo 3 | E27: GALON | F27: 0.12 | G27: 18000 | H27: =G27*F27 -> 2160
C28: Angulo cal 26 de 2 x 2cm | E28: ML | F28: 2 | G28: 1500 | H28: =G28*F28 -> 3000
C29: Perfil omega cal 26 | E29: ML | F29: 1.9 | G29: 3200 | H29: =G29*F29 -> 6080
C30: Perfil vigueta cal 26 | E30: ML | F30: 1.5 | G30: 3200 | H30: =G30*F30 -> 4800
H31: SUB-TOTAL | I31: =H19+H20+H21+H22+H23+H24+H25+H26+H27+H28+H29+H30 -> 28898.5
C33: III. MANO DE OBRA
C34: Trabajador | D34: Jornal | E34: Prest.Soc. | F34: Jornal Total | G34: Rendimiento | H34: Vr.Unitario
C35: Oficial | D35: 50000 | E35: 0.85 | F35: =D35+(E35*D35) -> 92500 | G35: 0.068 | H35: =+F35*G35 -> 6290
C36: Ayudante | D36: 33333 | E36: 0.85 | F36: =D36+(E36*D36) -> 61666.05 | G36: 0.068 | H36: =+F36*G36 -> 4193.2914
H38: SUB-TOTAL | I38: =H35+H36 -> 10483.291
G40: TOTAL COSTO DIRECTO | I40: =I38+I31+I15 -> 41281.791
C42: IV. COSTO INDIRECTO
C43: DESCRIPCION | G43: %
C44: ADMINISTRACION | G44: 0.1 | I44: =I40*G44 -> 4128.1791
C45: UTILIDAD | G45: 0.05 | I45: =I40*G45 -> 2064.0896
H46: SUB-TOTAL | I46: =I44+I45 -> 6192.2687
D48: OBSERVACIONES INTERVENTORÍA | G48: COSTO TOTAL | I48: =I40+I46 -> 47474.06
G50: Firma
G51: Nombre:
G52: Representante Legal del Contratista o su Apoderado
G53: Matricula No. :
D55: APROBACIÓN POR INTERVENTORÍA
D56: NOTA:
D57: 1
D58: 2
D59: 3
G60: Firma
G61: Nombre:
G62: Representante Legal del Interventor o su Apoderado
G63: Matricula No. :
E78: ANALISIS DE PRECIOS UNITARIOS | H78: CODIGO | I78: FT-TEC-02
H79: VERSION
H80: FECHA DE APROBACION | I80: 44236
C83: OBJETO: | D83: ESTUCO PLASTICO EXTERIOR | I83: 'UNIDAD: M2
C85: I. EQUIPO
C86: Descripción | E86: Unidad | F86: Cantidad | G86: Costo | H86: Vr. Unitario
C87: Herramientas menores | E87: gl | F87: 0.5 | G87: 2000 | H87: =G87*F87 -> 1000
C88: Andamios | E88: dia | F88: 5000 | G88: 0.03 | H88: =G88*F88 -> 150
C89: Lineas de vida certificadas | E89: dia | F89: 5000 | G89: 0.05 | H89: =G89*F89 -> 250
H90: 0
H91: SUB-TOTAL | I91: =H87+H88 -> 1150
C93: II. MATERIALES EN OBRA
C94: Descripción | E94: Unidad | F94: Cantidad | G94: Vr. Unitario | H94: Vr. Parcial
C95: Estuco plastico | E95: kl | F95: 3 | G95: 3500 | H95: =G95*F95 -> 10500
C96: LIJA | E96: PLIEGO | F96: 0.1 | G96: 3800 | H96: =+G96*F96 -> 380
H99: =G99*F99 -> 0
H100: SUB-TOTAL | I100: =+H95+H96+H97+H98+H99 -> 10880
C102: III. MANO DE OBRA
C103: Trabajador | D103: Jornal | E103: Prest.Soc. | F103: Jornal Total | G103: Rendimiento | H103: Vr.Unitario
C104: Oficial | D104: 50000 | E104: 0.85 | F104: =D104+(E104*D104) -> 92500 | G104: 30 | H104: =+F104/G104 -> 3083.3333
C105: Ayudante | D105: 33333 | E105: 0.85 | F105: =D105+(E105*D105) -> 61666.05 | G105: 35 | H105: =+F105/G105 -> 1761.8871
H107: SUB-TOTAL | I107: =H104+H105 -> 4845.2205
G109: TOTAL COSTO DIRECTO | I109: =+I91+I100+I107 -> 16875.22
C111: IV. COSTO INDIRECTO
C112: DESCRIPCION | G112: % | H112: Vr. Parcial
C113: ADMINISTRACION | G113: 0 | H113: =G113*I109 -> 0
C114: UTILIDAD | G114: 0 | H114: =G114*I109 -> 0
H115: SUB-TOTAL | I115: =H114+H113 -> 0
G117: COSTO TOTAL | I117: =+I109+I115 -> 16875.22
D119: OBSERVACIONES INTERVENTORÍA | G119: Firma
G120: Nombre:
G121: Representante Legal del Contratista o su Apoderado
G122: Matricula No. :
D124: APROBACIÓN POR INTERVENTORÍA
D125: NOTA:
D126: 1
D127: 2
D128: 3
G129: Firma
G130: Nombre:
G131: Representante Legal del Interventor o su Apoderado
G132: Matricula No. :
E147: ANALISIS DE PRECIOS UNITARIOS | H147: CODIGO | I147: FT-TEC-02
H148: VERSION
H149: FECHA DE APROBACION | I149: 44236
C152: OBJETO: | D152: =+PRESUPUESTO!G39 -> Suministro y aplicación de Coraza doble Vida 10 años (Incluye lavada con hipoclorito 10%) | I152: UNIDAD: M2
C155: I. EQUIPO
C156: Descripción | E156: Unidad | F156: Vr dia | G156: Rendimiento | H156: Vr. Unitario
C157: Herramientas menores | E157: gl | F157: 0.5 | G157: 2000 | H157: =G157*F157 -> 1000
...

Sheet A.P.U PISOS
E2: ANALISIS DE PRECIOS UNITARIOS | H2: CODIGO | I2: FT-TEC-02
H3: VERSION
H4: FECHA DE APROBACION | I4: 44236
C7: OBJETO: | D7: Plantilla para Pisos E=0.04 | I7: 'UNIDAD: M2
C9: I. EQUIPO
C10: Descripción | E10: Unidad | F10: Cantidad | G10: Costo | H10: Vr. Unitario
C11: Herramientas menores | E11: gl | F11: 0.02 | G11: =I31 -> 14645.833 | H11: =F11*G11 -> 292.91667
C12: Regla vibrante de 3m | E12: hr | F12: 0.095 | G12: 11000 | H12: =G12*F12 -> 1045
H15: SUB-TOTAL | I15: =SUM(H11:H14) -> 1337.9167
C17: II. MATERIALES EN OBRA
C18: Descripción | E18: Unidad | F18: Cantidad | G18: Vr. Unitario | H18: Vr. Parcial
C19: Mortero autonivelante para pisos | E19: M2 | F19: 0.04 | G19: 237270 | H19: =G19*F19 -> 9490.8
H24: SUB-TOTAL | I24: =SUM(H19:H22) -> 9490.8
C26: III. MANO DE OBRA
C27: Trabajador | D27: Jornal | E27: Prest.Soc. | F27: Jornal Total | G27: Rendimiento | H27: Vr.Unitario
C28: Oficial | D28: 50000 | E28: 0.85 | F28: =D28+(E28*D28) -> 92500 | G28: 0.095 | H28: =+F28*G28 -> 8787.5
C29: Ayudante | D29: 33333.333 | E29: 0.85 | F29: =D29+(E29*D29) -> 61666.667 | G29: 0.095 | H29: =+F29*G29 -> 5858.3333
H31: SUB-TOTAL | I31: =H28+H29 -> 14645.833
G33: TOTAL COSTO DIRECTO | I33: =I31+I24+I15 -> 25474.55
C35: IV. COSTO INDIRECTO
C36: DESCRIPCION | G36: %
C37: ADMINISTRACION | I37: =I33*G37 -> 0
C38: UTILIDAD | I38: =I33*G38 -> 0
H39: SUB-TOTAL | I39: =I37+I38 -> 0
D41: OBSERVACIONES INTERVENTORÍA | G41: COSTO TOTAL | I41: =I33+I39 -> 25474.55
G43: Firma
G44: Nombre:
G45: Representante Legal del Contratista o su Apoderado
G46: Matricula No. :
D48: APROBACIÓN POR INTERVENTORÍA
D49: NOTA:
D50: 1
D51: 2
D52: 3
G53: Firma
G54: Nombre:
G55: Representante Legal del Interventor o su Apoderado
G56: Matricula No. :
E71: ANALISIS DE PRECIOS UNITARIOS | H71: CODIGO | I71: FT-TEC-02
H72: VERSION
H73: FECHA DE APROBACION | I73: 44236
C76: OBJETO: | D76: Sumnistro e Instalacion de Piso Tipo Tablon de 0.30x0.30 Brillante | I76: 'UNIDAD: M2
C78: I. EQUIPO
C79: Descripción | E79: Unidad | F79: Cantidad | G79: Costo | H79: Vr. Unitario
C80: Herramientas menores | E80: gl | F80: 0.05 | G80: =I100 -> 16958.333 | H80: =G80*F80 -> 847.91667
H84: SUB-TOTAL | I84: =SUM(H80:H82) -> 847.91667
C86: II. MATERIALES EN OBRA
C87: Descripción | E87: Unidad | F87: Cantidad | G87: Vr. Unitario | H87: Vr. Parcial
C88: Tablon tradicion 30X30 Alfa | E88: m2 | F88: 1.03 | G88: 29400 | H88: =G88*F88 -> 30282
C89: Cemento gris | E89: kg | F89: 1.3 | G89: =22571/50 -> 451.42 | H89: =+G89*F89 -> 586.846
C90: Mortero 1:3 | E90: m3 | F90: 0.0315 | G90: 352592 | H90: =+G90*F90 -> 11106.648
H93: SUB-TOTAL | I93: =SUM(H88:H91) -> 41975.494
C95: III. MANO DE OBRA
C96: Trabajador | D96: Jornal | E96: Prest.Soc. | F96: Jornal Total | G96: Rendimiento | H96: Vr.Unitario
C97: Oficial | D97: 50000 | E97: 0.85 | F97: =D97+(E97*D97) -> 92500 | G97: 0.11 | H97: =+F97*G97 -> 10175
C98: Ayudante | D98: 33333.333 | E98: 0.85 | F98: =D98+(E98*D98) -> 61666.667 | G98: 0.11 | H98: =+F98*G98 -> 6783.3333
H100: SUB-TOTAL | I100: =H97+H98 -> 16958.333
G102: TOTAL COSTO DIRECTO | I102: =+I84+I93+I100 -> 59781.744
C104: IV. COSTO INDIRECTO
C105: DESCRIPCION | G105: % | H105: Vr. Parcial
C106: ADMINISTRACION | G106: 0 | H106: =G106*I102 -> 0
C107: UTILIDAD | G107: 0 | H107: =G107*I102 -> 0
H108: SUB-TOTAL | I108: =H107+H106 -> 0
G110: COSTO TOTAL | I110: =+I102+I108 -> 59781.744
D112: OBSERVACIONES INTERVENTORÍA | G112: Firma
G113: Nombre:
G114: Representante Legal del Contratista o su Apoderado
G115: Matricula No. :
D117: APROBACIÓN POR INTERVENTORÍA
D118: NOTA:
D119: 1
D120: 2
D121: 3
G122: Firma
G123: Nombre:
G124: Representante Legal del Interventor o su Apoderado
G125: Matricula No. :
E140: ANALISIS DE PRECIOS UNITARIOS | H140: CODIGO | I140: FT-TEC-02
H141: VERSION
H142: FECHA DE APROBACION | I142: 44236
C145: OBJETO: | D145: =+PRESUPUESTO!G43 -> Rampa de Acceso en concreto reforzado en Granito Pulido | I145: UNIDAD: M2
C148: I. EQUIPO
C149: Descripción | E149: Unidad | F149: Cantidad | G149: Costo | H149: Vr. Unitario
C150: Herramientas menores | E150: gl | F150: 0.05 | G150: =I172 -> 92500 | H150: =G150*F150 -> 4625
C151: Pulidora | E151: Hr | F151: 0.48 | G151: 6000 | H151: =G151*F151 -> 2880
H153: SUB-TOTAL | I153: =SUM(H150:H151) -> 7505
C154: II. MATERIALES EN OBRA
C155: Descripción | E155: Unidad | F155: Cantidad | G155: Vr. Unitario | H155: Vr. Parcial
C156: Concreto 3500 psi | E156: m3 | F156: 0.24 | G156: =302670*1.19 -> 360177.3 | H156: =G156*F156 -> 86442.552
C157: Bombreo de concreto | E157: m3 | F157: 0.24 | G157: 64260 | H157: =G157*F157 -> 15422.4
C158: Alambre negro | E158: Kg | F158: 0.015 | G158: 6835 | H158: =G158*F158 -> 102.525
C159: Tabla Burra 2.90x0.28x0.025 | E159: Unidad | F159: 0.35 | G159: 6500 | H159: =G159*F159 -> 2275
C160: Puntillas | E160: Lb | F160: 0.25 | G160: 19800 | H160: =G160*F160 -> 4950
C161: Granito | E161: Kg | F161: 9 | G161: 700 | H161: =G161*F161 -> 6300
C162: Marmolina Blanca x 1kg | E162: Kg | F162: 3 | G162: 600 | H162: =G162*F162 -> 1800
C163: Mineral Ne/Rojo/Verde | E163: Lb | F163: 0.33 | G163: 7500 | H163: =G163*F163 -> 2475
C164: Cemento blanco (bolsa 40kg) | E164: Kg | F164: 7 | G164: =48900/40 -> 1222.5 | H164: =G164*F164 -> 8557.5
C165: Dilatacion en pvc x3m | E165: m3 | F165: 0.66 | G165: 3500 | H165: =G165*F165 -> 2310
H166: =G166*F166 -> 0
H167: SUB-TOTAL | I167: =SUM(H156:H166) -> 130634.98
...

Sheet APU VIGA CANAL METALICA 
A13: canal en lamina galvanizada C 22 Long. 30 de desarrollo 0,7 m | F13: UNIDAD: ML
F14: ITEM:
A15: DESCRIPCION | B15: UND | F15: VALOR TOTAL
A17: MATERIALES
A18: ACCESORIOS PARA FIJACION DE CANAL TIPO METALICO | B18: UND | C18: 1 | D18: 9700 | E18: 0 | F18: =D18*C18 -> 9700
A19: SOLDADURA 6013 | B19: KG | C19: 0.1 | D19: 8200 | E19: 1.03 | F19: =D19*C19*E19 -> 844.6
A20: LAMINA GALVANIZADA | B20: M2 | C20: 0.7 | D20: 21560 | E20: 1.5 | F20: =D20*C20*E20 -> 22638
A22: SUBTOTAL MATERIALES | F22: =SUM(F18:F21) -> 33182.6
A23: MANO DE OBRA
A24: M.O CUADRILLA DE MANO DE OBRA E 1 OF + 1 Ay (jornal + prestaciones) | B24: HC | C24: 1 | D24: 119963 | E24: 0.17 | F24: =C24*D24*E24 -> 20393.71
A25: SUBTOTAL MANO DE OBRA | F25: =SUM(F24) -> 20393.71
A26: EQUIPO
A27: HERRAMIENTA MENOR | B27: MO | C27: 0.1 | D27: 19994 | E27: 0 | F27: =D27*C27 -> 1999.4
A28: equipo de soldadura electrica | B28: DIA | C28: 1 | D28: 57800 | E28: 0.02 | F28: =E28*D28*C28 -> 1156
A29: andamio Mano obra | B29: MO | C29: 0.1 | D29: 19994 | E29: 0 | F29: =D29*C29 -> 1999.4
A30: SUBTOTAL EQUIPO | F30: =SUM(F27:F29) -> 5154.8
C32: COSTO DIRECT | E32: 14.353 | F32: =F30+F25+F22 -> 58731.11

Sheet A.P.U MAMPOSTERIA
E2: ANALISIS DE PRECIOS UNITARIOS | H2: CODIGO | I2: FT-TEC-02
H3: VERSION
H4: FECHA DE APROBACION | I4: 44236
C7: OBJETO: | D7: Suministro y Construccion de Jardineras en Bloque de Ladrillo Tolete 6X10X20 cm incluye impermeabilizacion | I7: 'UNIDAD: M2
C9: I. EQUIPO
C10: Descripción | E10: Unidad | F10: Cantidad | G10: Costo | H10: Vr. Unitario
C11: Herramientas menores | E11: gl | F11: 0.05 | G11: =I31 -> 18500 | H11: =F11*G11 -> 925
H15: SUB-TOTAL | I15: =SUM(H11:H14) -> 925
C17: II. MATERIALES EN OBRA
C18: Descripción | E18: Unidad | F18: Cantidad | G18: Vr. Unitario | H18: Vr. Parcial
C19: Ladrillo Tolete 6X10X20 | E19: M2 | F19: 13 | G19: 1900 | H19: =G19*F19 -> 24700
C20: Mortero 1:4 | E20: M3 | F20: 0.03 | G20: 195953 | H20: =G20*F20 -> 5878.59
H24: SUB-TOTAL | I24: =SUM(H19:H22) -> 30578.59
C26: III. MANO DE OBRA
C27: Trabajador | D27: Jornal | E27: Prest.Soc. | F27: Jornal Total | G27: Rendimiento | H27: Vr.Unitario
C28: Oficial | D28: 50000 | E28: 0.85 | F28: =D28+(E28*D28) -> 92500 | G28: 0.12 | H28: =+F28*G28 -> 11100
C29: Ayudante | D29: 33333.333 | E29: 0.85 | F29: =D29+(E29*D29) -> 61666.667 | G29: 0.12 | H29: =+F29*G29 -> 7400
H31: SUB-TOTAL | I31: =H28+H29 -> 18500
G33: TOTAL COSTO DIRECTO | I33: =I31+I24+I15 -> 50003.59
C35: IV. COSTO INDIRECTO
C36: DESCRIPCION | G36: %
C37: ADMINISTRACION | I37: =I33*G37 -> 0
C38: UTILIDAD | I38: =I33*G38 -> 0
H39: SUB-TOTAL | I39: =I37+I38 -> 0
D41: OBSERVACIONES INTERVENTORÍA | G41: COSTO TOTAL | I41: =I33+I39 -> 50003.59
G43: Firma
G44: Nombre:
G45: Representante Legal del Contratista o su Apoderado
G46: Matricula No. :
D48: APROBACIÓN POR INTERVENTORÍA
D49: NOTA:
D50: 1
D51: 2
D52: 3
G53: Firma
G54: Nombre:
G55: Representante Legal del Interventor o su Apoderado
G56: Matricula No. :

Sheet A.P.U CUBIERTA
E2: ANALISIS DE PRECIOS UNITARIOS | H2: CODIGO | I2: FT-TEC-02
H3: VERSION
H4: FECHA DE APROBACION | I4: 44236
C7: OBJETO: | D7: Cubierta carpa azul | I7: 'UNIDAD: M2
C9: I. EQUIPO
C10: Descripción | E10: Unidad | F10: Cantidad | G10: Costo | H10: Vr. Unitario
C11: Herramientas menores | E11: gl | F11: 0.05 | G11: =I31 -> 18500 | H11: =F11*G11 -> 925
C12: SECCIÓN ANDAMIO CERTIFICADO | E12: HR | F12: 0.5 | G12: 980 | H12: =F12*G12 -> 490
H15: SUB-TOTAL | I15: =SUM(H11:H14) -> 1415
C17: II. MATERIALES EN OBRA
C18: Descripción | E18: Unidad | F18: Cantidad | G18: Vr. Unitario | H18: Vr. Parcial
C19: Tela Carpa Toldo Lona Impermeable Exterior (2 X 10 Mts) | E19: M2 | F19: 1.03 | G19: 52000 | H19: =G19*F19 -> 53560
C20: Tornillos Autoperforantes con sello en neopreno | E20: UND | F20: 2.12 | G20: 350 | H20: =G20*F20 -> 742
H24: SUB-TOTAL | I24: =SUM(H19:H22) -> 54302
C26: III. MANO DE OBRA
C27: Trabajador | D27: Jornal | E27: Prest.Soc. | F27: Jornal Total | G27: Rendimiento | H27: Vr.Unitario
C28: Oficial | D28: 50000 | E28: 0.85 | F28: =D28+(E28*D28) -> 92500 | G28: 0.12 | H28: =+F28*G28 -> 11100
C29: Ayudante | D29: 33333.333 | E29: 0.85 | F29: =D29+(E29*D29) -> 61666.667 | G29: 0.12 | H29: =+F29*G29 -> 7400
H31: SUB-TOTAL | I31: =H28+H29 -> 18500
G33: TOTAL COSTO DIRECTO | I33: =I31+I24+I15 -> 74217
C35: IV. COSTO INDIRECTO
C36: DESCRIPCION | G36: %
C37: ADMINISTRACION | I37: =I33*G37 -> 0
C38: UTILIDAD | I38: =I33*G38 -> 0
H39: SUB-TOTAL | I39: =I37+I38 -> 0
D41: OBSERVACIONES INTERVENTORÍA | G41: COSTO TOTAL | I41: =I33+I39 -> 74217
G43: Firma
G44: Nombre:
G45: Representante Legal del Contratista o su Apoderado
G46: Matricula No. :
D48: APROBACIÓN POR INTERVENTORÍA
D49: NOTA:
D50: 1
D51: 2
D52: 3
G53: Firma
G54: Nombre:
G55: Representante Legal del Interventor o su Apoderado
G56: Matricula No. :
